 Dungeon Crawl Stone Soup version 0.31.0-32-g396128a36d (webtiles) character file.

Game seed: 7284704311631356285

1091 mechapo the Cutter (level 8, 0/45 HPs)
             Began as a Tengu Air Elementalist on Mar 18, 2024.
             Slain by a gnoll
             ... wielding a +0 flail
              (11 damage)
             ... on level 5 of the Dungeon.
             The game lasted 00:30:38 (4569 turns).

mechapo the Cutter (Tengu Air Elementalist)         Turns: 4569, Time: 00:30:39

Health: 0/45       AC:  0    Str:  7    XL:     8   Next: 31%
Magic:  0/13       EV: 17    Int: 20    God:
Gold:   202        SH:  0    Dex: 14    Spells: 11/13 levels left

rFire   + . .        d - +5 short sword (venom)
rCold   + . .        (no shield)
rNeg    . . .        (no body armour)
rPois   .            (helmet restricted)
rElec   .            s - scarf {rC+ rF+}
rCorr   .            (no gloves)
SInv    .            (boots unavailable)
Will    .....        r - amulet of guardian spirit
Stlth   ++           (no ring)
HPRegen 0.27/turn    (no ring)
MPRegen 0.13/turn

%: acrobat, guardian spirit
@: flying
A: beak, talons 3, evasive flight, acrobatic, clever 1, clumsy 1, inability to
drink after injury 1
a: no special abilities


You were on level 5 of the Dungeon.
You visited 1 branch of the dungeon, and saw 5 of its levels.

You collected 202 gold pieces.

Inventory:

Hand Weapons
 d - a +5 short sword of venom (weapon)
Missiles
 h - 31 stones
Armour
 a - a +0 robe
 e - a +0 ring mail
 m - a +0 pair of boots
 o - a +0 plate armour
 s - a scarf of resistance (worn)
Magical Staves
 t - a staff of cold
Jewellery
 i - a +6 ring of strength
 r - an amulet of guardian spirit (around neck)
Talismans
 w - a beast talisman
Scrolls
 c - a scroll of fear {unknown}
 l - a scroll of blinking
 q - a scroll of amnesia {unknown}
 u - a scroll of teleportation {unknown}
 v - a scroll of vulnerability {unknown}
 x - a scroll of enchant armour {unknown}
Potions
 b - a potion of magic
 f - a potion of curing {unknown}
 j - 2 potions of might {unknown}
 k - a potion of attraction
 n - a potion of degeneration {unknown}
 z - 2 potions of enlightenment
 A - a potion of cancellation {unknown}


   Skills:
 + Level 2.4 Fighting
 + Level 5.3 Short Blades
 + Level 4.7 Armour
 + Level 4.1 Dodging
 + Level 3.0 Stealth
 + Level 3.3 Spellcasting
 + Level 3.2 Conjurations
 + Level 4.5 Air Magic
 + Level 1.3 Alchemy


You had 11 spell levels left.
You knew the following spells:

 Your Spells              Type           Power      Damage    Failure   Level
a - Shock                 Conj/Air       72%        1d7       2%          1
b - Sting                 Conj/Alch      48%        1d6       5%          1

Your spell library contained the following spells:

 Spells                   Type           Power      Damage    Failure   Level
 Static Discharge         Conj/Air       36%        3-5/arc   4%          2
 Swiftness                Air            21%        N/A       7%          3
 Apportation              Tloc           6%         N/A       14%         1
 Necrotise                Necr           12%        1d4       14%         1
 Summon Small Mammal      Summ           12%        N/A       14%         1
 Call Imp                 Summ           6%         N/A       22%         2
 Sublimation of Blood     Necr           3%         N/A       22%         2
 Airstrike                Air            10%        2d(2-18)  22%         4
 Summon Hydra             Summ           1%         N/A       100%        7


Dungeon Overview and Level Annotations

Branches:
Dungeon (5/15)
 Temple: D:4-7

Altars:
Elyvilon


Innate Abilities, Weirdness & Mutations

You have a beak for a mouth.
You have claws for feet.
Your magical flight helps you evade attacks. (EV +4)
You can magically evade attacks while moving or waiting.
Your mind is acute. (Int +4, Str/Dex -1)
You are clumsy. (Dex -2)
You occasionally lose the ability to drink potions when taking damage.


Message History

The gnoll attacks as it pursues you! The gnoll completely misses you.
The gnoll attacks as it pursues you! The gnoll misses you.
The gnoll looks more healthy.
The gnoll attacks as it pursues you! The gnoll misses you.
The gnoll looks more healthy.
The gnoll attacks as it pursues you! The gnoll completely misses you.
Casting: Sting (safe; 5% risk of failure)
Confirm with . or Enter, or press ? or * to list all spells.
Aiming: Sting (safe; 5% risk of failure)
Press: ? - help, Shift-Dir - straight line, f - gnoll, p - gnoll
Aim: a gnoll, wielding a +0 spear (lightly wounded, 75% to hit)
The sting hits the gnoll.
The gnoll is poisoned.
The gnoll is moderately wounded.
The gnoll completely misses you. The gnoll barely misses you.
The gnoll completely misses you.
You hit the gnoll but do no damage.
The gnoll is poisoned.
You claw the gnoll.
The gnoll is almost dead.
The gnoll hits you with a +0 flail! The gnoll closely misses you.
The gnoll barely misses you.
You hit the gnoll.
You kill the gnoll!
The gnoll misses you. The gnoll hits you with a +0 spear!
The gnoll completely misses you. x2
Things that are here:
a +0 halberd; a gnoll corpse The gnoll hits you with a +0 flail!
* * * LOW HITPOINT WARNING * * *
The gnoll attacks as it pursues you!
The gnoll hits you from afar with a +0 spear!
* * * LOW HITPOINT WARNING * * *
The gnoll barely misses you. The gnoll misses you.
You feel much better.
The gnoll looks more healthy.
The gnoll hits you with a +0 flail!
* * * LOW HITPOINT WARNING * * *
The gnoll misses you.
You hit the gnoll but do no damage.
The gnoll is poisoned.
You claw the gnoll! You peck the gnoll, but do no damage.
The gnoll is heavily wounded.
The gnoll hits you with a +0 flail!
You die...

#...#.....#..............
#...##'########+###..###.
#...##...# #.###'#####
#...#....# #...)†.#...
#...#....# #......'...
#...##...##+#######..##..
#...##)..##..##..########
#....'...)g......+
#.!..#..@g.......#
#...############## #...
#... #... #... ####


You could see 2 gnolls.

Vanquished Creatures
  Grinder (D:3)
  Sigmund (D:5)
  An ice beast (D:4)
  A black bear (D:4)
  A centaur (D:5)
  A phantom (D:4)
  2 scorpions
  A hound (D:4)
  An orc priest (D:4)
  An iguana (D:4)
  An orc wizard (D:3)
  2 gnolls (D:5)
  6 adders
  2 ufetubi (D:5)
  3 dart slugs
  3 ribbon worms
  7 orcs
  8 ball pythons
  2 bats
  7 endoplasms
  6 giant cockroaches
  7 goblins
  3 hobgoblins
  4 jackals (D:3)
  2 quokkas
  4 frilled lizards
  6 kobolds
  A rat (D:1)
85 creatures vanquished.

Notes
Turn   | Place    | Note
-------+----------+-------------------------------------------
     0 | D:1      | mechapo the Tengu Air Elementalist began the quest for the
                  | Orb.
     0 | D:1      | Reached XP level 1. HP: 10/10 MP: 4/4
   326 | D:1      | Reached XP level 2. HP: 15/15 MP: 1/6
  1649 | D:2      | Reached XP level 3. HP: 19/19 MP: 5/7
  1673 | D:2      | Learned a level 1 spell: Sting
  2512 | D:3      | Reached skill level 1 in Short Blades
  2541 | D:3      | Reached XP level 4. HP: 23/24 MP: 4/8
  2549 | D:3      | Reached skill level 1 in Armour
  2667 | D:3      | Noticed Grinder
  2683 | D:3      | Paralysed by Grinder for 3 turns
  2689 | D:3      | Killed Grinder
  2690 | D:3      | Reached skill level 2 in Short Blades
  2690 | D:3      | Reached XP level 5. HP: 14/28 MP: 3/10
  2690 | D:3      | Reached XP level 6. HP: 17/33 MP: 3/11
  3458 | D:4      | Reached skill level 1 in Fighting
  3458 | D:4      | Reached skill level 3 in Short Blades
  3466 | D:4      | Noticed a black bear
  3483 | D:4      | Killed a black bear
  3484 | D:4      | Gained mutation: Your magical flight helps you evade
                  | attacks. (EV +4) [Tengu growth]
  3484 | D:4      | Reached XP level 7. HP: 31/38 MP: 4/12
  3500 | D:4      | Reached skill level 1 in Alchemy
  3503 | D:4      | Reached skill level 4 in Short Blades
  3526 | D:4      | Found a white marble altar of Elyvilon.
  3913 | D:4      | Gained mutation: You have hidden genetic defects. [potion
                  | of mutation]
  3913 | D:4      | Gained mutation: Your mind is acute. (Int +4, Str/Dex -1)
                  | [potion of mutation]
  4284 | D:5      | Entered Level 5 of the Dungeon
  4326 | D:5      | Noticed Sigmund
  4349 | D:5      | Gained mutation: You are clumsy. (Dex -2) [hidden defects]
  4357 | D:5      | Killed Sigmund
  4358 | D:5      | Reached skill level 5 in Short Blades
  4358 | D:5      | Reached XP level 8. HP: 44/44 MP: 11/13
  4366 | D:5      | Gained mutation: You occasionally lose the ability to drink
                  | potions when taking damage. [hidden defects]
  4366 | D:5      | Lost mutation: You have hidden genetic defects. [hidden
                  | defects expressed]
  4569 | D:5      | Slain by a gnoll

Illustrated notes

Levels and vault maps discovered:
D:1:      shiori_arrival_maze, layout_loops_corners
D:2:      layout_loops_corners
D:3:      layout_loops_corners, uniq_grinder
D:4:      layout_loops_ring, elyvilon_altar_1, kennysheep_big_empty_room
D:5:      layout_gridville, minmay_temple_entry_glass, uniq_crazy_yiuf_cottage,
          uniq_sigmund, uniq_duvessa

Skill      XL: |  1  2  3  4  5  6  7  8 |
---------------+-------------------------+-----
Short Blades   | 1 2 3 5 |  5.3
Dodging        | 3 4 |  4.1
Armour         | 3 4 |  4.7
Conjurations   | 2 3 |  3.2
Fighting       | 1 2 |  2.4
Spellcasting   | 3 |  3.3
Alchemy        | 1 |  1.3
Stealth        | 3 |  3.0
Air Magic      | |  4.5

Action                     |  1- 3 |  4- 6 |  7- 9 || total
---------------------------+-------+-------+-------++-------
  Melee: Short sword       |    42 |    68 |    90 ||   200
         Kick              |    14 |    19 |    30 ||    63
         Unarmed           |     2 |       |       ||     2
         Peck              |     5 |    13 |    19 ||    37
         Punch             |       |       |     1 ||     1
   Cast: Shock             |    12 |       |       ||    12
         Sting             |     2 |     3 |    13 ||    18
    Use: Scroll            |     5 |     1 |     1 ||     7
         Potion            |     1 |     4 |     4 ||     9
   Stab: Sleeping          |     2 |       |     1 ||     3
 Armour: Ring mail         |    13 |       |       ||    13
         Robe              |     2 |       |       ||     2
         Plate armour      |    13 |    48 |       ||    61
         Skin              |       |    10 |    31 ||    41
  Dodge: Dodged            |    55 |    19 |   123 ||   197
